Selects Australian Defense Battlegroup
Selects Australian Light Infantry Section
Australian Light Infantry Section
Australian Light Infantry Section
Construct Section Command Post
Australian Light Infantry Section
Construct Field Infirmary
Selects 2-pounder Anti-tank Gun Team
Construct Platoon Command Post
Selects CMP 15cwt Supply Run
Australian Light Infantry Section
Construct Company Command Post
Selects Reinforced Resource Caches
Selects Charged Creeping Barrage
Selects Vehicle Over Repair
Unlock Bishop Self-propelled Artillery